 Dungeon Crawl Stone Soup version 0.21.1-1-g345015fe64 (webtiles) character file.

44438 Peloso the Carver (level 13, -7/103 HPs)
             Began as a Demonspawn Fighter on May 13, 2018.
             Was the Champion of Okawaru.
             Mangled by an orc knight
             ... wielding a +0 great sword
              (18 damage)
             ... on level 2 of the Orcish Mines.
             The game lasted 00:53:38 (19962 turns).

Peloso the Carver (Demonspawn Fighter)             Turns: 19962, Time: 00:53:38

Health: -7/103     AC: 28    Str: 21    XL:     13   Next: 96%
Magic:  13/13      EV:  8    Int:  6    God:    Okawaru [******]
Gold:   2386       SH: 12    Dex: 14    Spells: 12/12 levels left

rFire    + . .     SeeInvis +   a - +4 falchion "Ihoigesh" {elec, rN+ SInv}
rCold    . . .     Gourm    .   c - +0 shield
rNeg     + . .     Faith    .   q - +2 plate armour {rF+}
rPois    .         Spirit   .   w - +0 helmet of Liberalism {+Fly rCorr Int-3}
rElec    .         Reflect  .   n - +2 cloak {MR+}
rCorr    +         Harm     .   (no gloves)
MR       +....                  (no boots)
Stlth    ..........             h - amulet of magic regeneration
HPRegen  0.27/turn              m - ring of flight
MPRegen  0.38/turn              (no ring)

@: about to teleport, sanguine armour
A: talons 1, demonic guardian 1, powered by death 2, sanguine armour 1
a: Heroism, Finesse, Renounce Religion, Evoke Flight


You were on level 2 of the Orcish Mines.
You worshipped Okawaru.
Okawaru was exalted by your worship.
You were not hungry.

You visited 4 branches of the dungeon, and saw 19 of its levels.
You also visited: Bailey.

You collected 2386 gold pieces.

Inventory:

Hand Weapons
 a - the +4 falchion "Ihoigesh" (weapon) {elec, rN+ SInv}
   (You found it on level 9 of the Dungeon)

   Occasionally, upon striking a foe, it will discharge some electrical energy
   and cause terrible harm.
   It protects you from negative energy.
   It lets you see invisible.
 G - a +4 scimitar of flaming
Armour
 b - +1 fire dragon scales
 c - a +0 shield (worn)
 n - a +2 cloak of magic resistance (worn)
 q - a +2 plate armour of fire resistance (worn)
 w - the +0 helmet of Liberalism (worn) {+Fly rCorr Int-3}
   (You took it off Robin on level 3 of the Dungeon)

   It affects your intelligence (-3).
   It lets you fly.
   It protects you from acid and corrosion.
 C - a scarf of resistance
Jewellery
 h - an amulet of magic regeneration (around neck)
 m - a ring of flight (left hand)
Scrolls
 i - 4 scrolls of remove curse
 j - a scroll of teleportation
 r - 2 scrolls of blinking
 D - 5 scrolls of magic mapping
 E - a scroll of fear
Potions
 d - 6 potions of might
 e - a potion of invisibility
 k - 3 potions of resistance
 l - 5 potions of haste
 o - 10 potions of curing
 v - a potion of berserk rage
 A - 2 potions of heal wounds
Miscellaneous
 g - a phial of floods
Comestibles
 f - 27 rations
 p - 2 chunks of flesh


   Skills:
 + Level 10.2 Fighting
 + Level 13.2 Long Blades
 + Level 11.0 Armour
 + Level 5.5 Dodging
 + Level 3.4 Stealth
 + Level 10.8 Shields
 + Level 0.8 Invocations


You had 12 spell levels left.
You didn't know any spells.

Dungeon Overview and Level Annotations

Branches:
Dungeon (11/15)            Temple (1/1) D:4            Lair (5/6) D:8
  Swamp (0/4) Lair:2       Spider (0/4) Lair:4          Orc (2/2) D:10
    Elf (0/3) Orc:2
  Slime: Lair:5-6

Altars:
Cheibriados
Dithmenos
Kikubaaqudgha
Nemelex Xobeh
Okawaru
Vehumet
Yredelemnul
Zin
Beogh

Shops:
D:10 [(   Orc:2 [


Innate Abilities, Weirdness & Mutations

You have sharp toenails.
A weak demonic guardian rushes to your aid.
You regenerate health from kills.
When seriously injured, your bleeding wounds create armour. (AC +6)


Message History

Unknown command.
You hit the orc knight but do no damage.
The orc knight is heavily wounded.
You block the orc warrior's attack. Something hits your iron imp.
The orc priest calls down the wrath of Beogh upon you.
Beogh smites you!
* * * LOW HITPOINT WARNING * * *
You hear a shout!
As you read the scroll of teleportation, it crumbles to dust.
You feel strangely unstable.
The orc knight hits you but does no damage.
Your iron imp hits the orc priest!
Something hits your iron imp but does no damage.
The orc priest hits your iron imp but does no damage.
You hit the orc knight. Your kick misses the orc knight.
The orc knight is heavily wounded.
The orc warrior hits you from afar with a glaive!
* * * LOW HITPOINT WARNING * * *
The orc knight hits you with a great sword!!
You die...

........ยง..........
..................
#.........#
#.........#
#.........#
#.......o.#
#.....o...#
##########....5###
.....#........oo@#
#...#....#....o###
[#...........###
#).)[.......##
.))....(##.##
...[....#...#
..).#....#.##
#[.##....###
.).##...##


You could see an orc knight, an orc warrior, an orc priest, an orc and a
friendly iron imp.

Vanquished Creatures
  Gastronok (Lair:2)
  2 orc warlords
  A hydra (Lair:2)
  4 two-headed ogres
  Erica (D:8)
  4 orc high priests
  Nergalle (Lair:2)
  A lindwurm (Lair:5)
  5 orc knights
  3 orc sorcerers
  2 cyclopes (D:9)
  9 elephants
  2 black mambas
  The ghost of Saeniel the Shooter, a novice CeHu (D:4)
  Psyche (D:8)
  2 torpor snails (Lair:5)
  A gargoyle (D:11)
  5 spiny frogs
  4 komodo dragons
  An efreet (D:11)
  A hornet (D:9)
  3 trolls
  2 jumping spiders (Lair:4)
  A polar bear (Lair:5)
  A slime creature (D:9)
  4 hippogriffs
  A shadow (D:11)
  A spriggan (D:8)
  31 yaks
  A basilisk (Lair:4)
  A hungry ghost (D:5)
  2 hell hounds (D:8)
  4 insubstantial wisps (Lair:2)
  A warg (Orc:2)
  8 porcupines
  8 water moccasins
  42 orc warriors
  6 ice beasts
  An eye of draining (D:9)
  3 sky beasts
  2 black bears
  10 ogres
  3 phantoms
  9 wolves (Lair:2)
  10 centaurs
  6 crocodiles
  A big kobold (D:11)
  22 bullfrogs
  2 scorpions
  The ghost of Peloso the Skirmisher, a weakling DsFi (D:3)
  2 killer bees (D:9)
  7 wights
  5 crimson imps
  2 centaur zombies
  A jelly (D:9)
  5 hounds
  A bullfrog skeleton (D:9)
  18 orc priests
  6 iguanas
  21 orc wizards
  6 worker ants
  A hound zombie (D:9)
  Robin (D:3)
  4 gnolls
  11 adders
  A shadow imp (D:11)
  An ooze (D:2)
  An adder zombie (D:9)
  An adder skeleton (D:6)
  4 worms
  5 leopard geckos
  79 orcs
  4 giant cockroaches
  16 goblins
  12 hobgoblins
  7 jackals
  2 quokkas (D:6)
  2 bats (D:1)
  5 frilled lizards
  22 kobolds
  A quokka zombie (D:5)
  4 rats
497 creatures vanquished.

Vanquished Creatures (collateral kills)
  A hydra (Lair:3)
  A basilisk (Lair:2)
  2 yaks
  A porcupine (Lair:1)
  An orc warrior (Orc:1)
  An ice beast (D:4)
  A wolf (Lair:2)
  A necrophage (D:5)
  2 centaurs
  2 bullfrogs
  2 wights (D:7)
  2 howler monkeys
  A crimson imp (D:6)
  An orc priest (Orc:2)
  A bullfrog skeleton (D:8)
  An orc wizard (D:5)
  An adder (D:5)
  7 orcs
  A fungus (Lair:4)
30 creatures vanquished.

Vanquished Creatures (others)
  A troll (D:9)
  5 fungi
  A plant (Lair:5)
  5 toadstools (D:1)
12 creatures vanquished.

Grand Total: 539 creatures vanquished

Notes
Turn   | Place    | Note
-------+----------+-------------------------------------------
     0 | D:1      | Peloso the Demonspawn Fighter began the quest for the Orb.
     0 | D:1      | Reached XP level 1. HP: 18/18 MP: 1/1
   132 | D:1      | Gained mutation: You regenerate a little health from kills. [demonic ancestry]
   132 | D:1      | Reached XP level 2. HP: 9/24 MP: 2/2
   873 | D:2      | Reached skill level 2 in Long Blades
  1007 | D:2      | Reached XP level 3. HP: 28/29 MP: 3/3
  1262 | D:2      | Gained mutation: You regenerate health from kills. [demonic ancestry]
  1262 | D:2      | Reached XP level 4. HP: 26/35 MP: 4/4
  1539 | D:3      | Noticed Peloso's ghost (weakling DsFi)
  1790 | D:3      | Killed Peloso's ghost
  1790 | D:3      | Reached skill level 3 in Long Blades
  1934 | D:3      | Reached XP level 5. HP: 38/41 MP: 5/5
  2094 | D:3      | Reached skill level 1 in Dodging
  2154 | D:3      | Noticed Robin
  2184 | D:3      | Killed Robin
  2201 | D:3      | Got a warped helmet
  2207 | D:3      | Identified the +0 helmet of Liberalism {+Fly rCorr Int-3} (You took it off Robin on level 3 of the Dungeon)
  2753 | D:4      | Gained mutation: When seriously injured, your bleeding wounds create armour. (AC +6) [demonic ancestry]
  2753 | D:4      | Reached XP level 6. HP: 25/48 MP: 6/6
  2767 | D:4      | Noticed Saeniel's ghost (novice CeHu)
  2907 | D:4      | Killed Saeniel's ghost
  2907 | D:4      | Reached skill level 4 in Long Blades
  2907 | D:4      | Gained mutation: A weak demonic guardian rushes to your aid. [demonic ancestry]
  2907 | D:4      | Reached XP level 7. HP: 37/54 MP: 7/7
  3537 | D:4      | Found a staircase to the Ecumenical Temple.
  3546 | Temple   | Entered the Ecumenical Temple
  3552 | Temple   | Became a worshipper of Warmaster Okawaru
  3613 | D:5      | Entered Level 5 of the Dungeon
  3613 | D:5      | Found a snail-covered altar of Cheibriados.
  3840 | D:5      | Reached skill level 5 in Long Blades
  3948 | D:5      | Reached skill level 5 in Armour
  3989 | D:5      | Reached * piety under Okawaru
  4100 | D:5      | Noticed a two-headed ogre
  4101 | D:5      | Noticed a hungry ghost
  4412 | D:4      | Reached XP level 8. HP: 10/61 MP: 8/8
  5139 | D:6      | Reached skill level 6 in Long Blades
  5352 | D:6      | Reached ** piety under Okawaru
  5493 | D:7      | Reached skill level 5 in Shields
  5603 | D:7      | Reached XP level 9. HP: 53/67 MP: 9/9
  5866 | D:7      | Reached skill level 5 in Fighting
  5883 | D:7      | Reached *** piety under Okawaru
  5883 | D:7      | Reached skill level 7 in Long Blades
  5883 | D:7      | Reached skill level 1 in Stealth
  6389 | D:5      | Found an iron altar of Okawaru.
  6540 | D:5      | Killed a two-headed ogre
  6624 | D:8      | Found a staircase to the Lair.
  6717 | D:8      | Reached skill level 8 in Long Blades
  6987 | D:8      | Noticed Psyche
  6996 | D:8      | Killed Psyche
  6996 | D:8      | Reached **** piety under Okawaru
  7031 | D:8      | Reached XP level 10. HP: 43/74 MP: 10/10
  7148 | D:8      | Noticed Erica
  7167 | D:8      | Killed Erica
  7448 | D:8      | Noticed a two-headed ogre
  7460 | D:8      | Killed a two-headed ogre
  7470 | D:8      | Reached skill level 9 in Long Blades
  8341 | D:9      | Noticed a cyclops
  8351 | D:9      | Reached ***** piety under Okawaru
  8549 | D:9      | Killed a cyclops
  8655 | D:9      | Found a radiant altar of Vehumet.
  8940 | D:9      | Noticed a two-headed ogre
  8948 | D:9      | Killed a two-headed ogre
  8962 | D:9      | Reached XP level 11. HP: 60/83 MP: 11/11
  9101 | D:9      | Got a dazzling falchion
  9102 | D:9      | Identified the +4 falchion "Ihoigesh" {elec, rN+ SInv} (You found it on level 9 of the Dungeon)
  9487 | D:9      | Received a gift from Okawaru
  9487 | D:9      | Reached skill level 10 in Long Blades
  9589 | D:9      | Found a shadowy altar of Dithmenos.
  9762 | D:10     | Entered Level 10 of the Dungeon
  9788 | D:10     | Got a crystal hand axe
  9791 | D:10     | Found Jeommia's Weapon Boutique.
  9792 | D:10     | Found a staircase to the Orcish Mines.
  9794 | D:10     | Found Adiugen's Armour Boutique.
 10776 | D:11     | Found a roughly hewn altar of Beogh.
 11466 | D:11     | Reached ****** piety under Okawaru
 11649 | Lair:1   | Entered Level 1 of the Lair of Beasts
 11672 | Lair:1   | Received a gift from Okawaru
 12011 | Lair:1   | Reached skill level 11 in Long Blades
 12804 | Lair:2   | Reached XP level 12. HP: 93/94 MP: 12/12
 12854 | Lair:2   | Noticed an eight-headed hydra
 12884 | Lair:2   | Killed a four-headed hydra
 12970 | Lair:2   | Received a gift from Okawaru
 13124 | Lair:2   | Noticed Nergalle
 13134 | Lair:2   | Killed Nergalle
 13210 | Lair:2   | Found a staircase to the Swamp.
 13400 | Lair:2   | Noticed Gastronok
 13419 | Lair:2   | Killed Gastronok
 13419 | Lair:2   | Reached skill level 12 in Long Blades
 14429 | Lair:3   | Noticed a six-headed hydra
 14438 | Lair:3   | Killed a three-headed hydra
 15112 | Lair:4   | Received a gift from Okawaru
 15115 | Lair:4   | Reached skill level 5 in Dodging
 15148 | Lair:4   | Gained mutation: You have sharp toenails. [demonic ancestry]
 15148 | Lair:4   | Reached XP level 13. HP: 37/101 MP: 13/13
 15579 | Lair:4   | Found a hole to the Spider Nest.
 15907 | Lair:5   | Reached skill level 10 in Armour
 15918 | Lair:5   | Found a snail-covered altar of Cheibriados.
 16138 | Lair:5   | Received a gift from Okawaru
 16285 | Lair:5   | Reached skill level 10 in Shields
 16842 | Orc:1    | Entered Level 1 of the Orcish Mines
 16842 | Orc:1    | Noticed an orc warlord
 16888 | Orc:1    | Killed an orc warlord
 17062 | Orc:1    | Found a flagged portal.
 17074 | Bailey   | Entered a bailey
 17324 | Bailey   | Found a burning altar of Makhleb.
 17517 | Orc:1    | Received a gift from Okawaru
 17736 | Orc:1    | Paralysed by a chaos spawn for 3 turns
 18321 | Orc:1    | Reached skill level 13 in Long Blades
 18349 | Orc:1    | Reached skill level 10 in Fighting
 18649 | Orc:2    | Entered Level 2 of the Orcish Mines
 18653 | Orc:2    | Found a staircase to the Elven Halls.
 18692 | Orc:2    | Found Bawi's Antique Armour Emporium.
 19004 | Orc:2    | Paralysed by an orc sorcerer for 2 turns
 19021 | Orc:2    | Noticed an orc warlord
 19774 | Orc:2    | Killed an orc warlord
 19962 | Orc:2    | Mangled by an orc knight

Skill      XL: |  1  2  3  4  5  6  7  8  9 10 11 12 13 |
---------------+----------------------------------------+-----
Shields        | 3 4 5 6 7 8 9 10 | 10.8
Armour         | 3 4 5 6 7 8 9 11 | 11.0
Long Blades    | 2 3 4 5 6 8 9 11 12 13 | 13.2
Dodging        | 1 2 3 4 5 |  5.5
Fighting       | 4 5 6 8 9 10 | 10.2
Stealth        | 1 2 3 |  3.4
Invocations    | |  0.8

Action                   |  1- 3 |  4- 6 |  7- 9 | 10-12 | 13-15 || total
-------------------------+-------+-------+-------+-------+-------++-------
Melee: Long sword        |   162 |   171 |   273 |       |       ||   606
       Scimitar          |       |       |   128 |   255 |       ||   383
       Falchion          |       |       |       |   640 |   641 ||  1281
       Kick              |       |       |       |       |   230 ||   230
Invok: Heroism           |       |       |       |     3 |     6 ||     9
  Use: Potion            |       |       |     1 |       |     5 ||     6
       Scroll            |       |       |    13 |    15 |     7 ||    35
 Stab: Distracted        |       |       |     3 |     5 |     2 ||    10
  Eat: Chunk             |     2 |     4 |    14 |    16 |    14 ||    50
       Ration            |       |       |     1 |     3 |     1 ||     5
Armor: Scale mail        |    36 |       |       |       |       ||    36
       Fire dragon scale |    50 |    82 |   212 |   336 |    26 ||   706
       Plate armour      |       |       |       |       |   191 ||   191
Dodge: Dodged            |    58 |    46 |   126 |   282 |   173 ||   685
Block: Shield            |    90 |    70 |   196 |   475 |   402 ||  1233
       Rpst.: Long sword |    20 |    18 |    24 |       |       ||    62
       Scimitar          |       |       |    11 |    13 |       ||    24
       Falchion          |       |       |       |    65 |    38 ||   103
